 Dungeon Crawl Stone Soup version 0.31-a0-924-ge39a22a033 (webtiles) character file.

Game seed: 1659403495676590318

3587 Morbidden the Grappler (level 9, -5/84 HPs)
             Began as a Troll Conjurer on Oct 18, 2023.
             Was a Follower of Cheibriados.
             Killed from afar by Joseph (19 damage)
             ... with a bolt of acid
             ... on level 8 of the Dungeon.
             The game lasted 00:07:37 (5827 turns).

Morbidden the Grappler (Troll Conjurer)             Turns: 5827, Time: 00:07:38

Health: -5/84      AC: -4    Str: 20    XL:     9   Next: 85%
Magic:  13/13      EV: 11    Int: 21    God:    Cheibriados [*.....]
Gold:   385        SH:  0    Dex: 11    Spells: 8/15 levels left

rFire   . .          .
                       - Unarmed
rCold   . . .        (no shield)
rNeg    . . .        a - +0 robe
rPois   .            (helmet restricted)
rElec   .            (no cloak)
rCorr   .            (gloves unavailable)
SInv    .            (boots unavailable)
Will    .....        e - amulet of magic regeneration
Stlth   ++           m - +4 ring of slaying
HPRegen 1.14/turn    t - +4 ring of slaying
MPRegen 0.53/turn

%: no passive effects
@: corroded, very slow
A: large, unfitting armour, claws 3, regeneration 1, shaggy fur 1, tough skin 1
a: Renounce Religion, Bend Time


You were on level 8 of the Dungeon.
You worshipped Cheibriados.
Cheibriados was aware of your devotion.
You visited 2 branches of the dungeon, and saw 9 of its levels.

You collected 455 gold pieces.
You spent 70 gold pieces at shops.

Inventory:

Missiles
 k - 10 boomerangs (quivered)
 B - 2 curare-tipped darts
 C - 22 poisoned darts
Armour
 a - a +0 robe (worn)
Jewellery
 e - an amulet of magic regeneration (around neck)
 m - a +4 ring of slaying (left claw)
 t - a +4 ring of slaying (right claw)
 D - the ring "Nacokkod" {Fly Str+4 Dex+3}
   (You found it on level 6 of the Dungeon)

   [ring of flight]

   Str+4:     It affects your strength (+4).
   Dex+3:     It affects your dexterity (+3).
   Fly:       It grants you flight.
Wands
 r - a wand of paralysis (8)
Scrolls
 c - a scroll of revelation {unknown}
 d - 3 scrolls of fog
 f - 13 scrolls of identify {unknown}
 g - a scroll of poison {unknown}
 l - 3 scrolls of teleportation
 n - a scroll of torment {unknown}
 p - a scroll of immolation {unknown}
 q - 2 scrolls of blinking {unknown}
 u - a scroll of noise {unknown}
 v - a scroll of silence {unknown}
 w - 3 scrolls of amnesia {unknown}
 y - 2 scrolls of acquirement {unknown}
 E - a scroll of vulnerability {unknown}
 F - a scroll of fear {unknown}
Potions
 b - a potion of magic
 h - 2 potions of curing
 i - a potion of might {unknown}
 j - 3 potions of lignification
 o - 2 potions of attraction {unknown}
 x - a potion of enlightenment {unknown}
 z - a potion of brilliance {unknown}
 A - a potion of mutation {unknown}


   Skills:
 * Level 4.0 Fighting
 + Level 0.4 Throwing
 * Level 4.2 Dodging
 + Level 1.2 Stealth
 * Level 8.3 Unarmed Combat
 * Level 3.6 Spellcasting
 * Level 5.1 Conjurations
 * Level 2.7 Translocations
 * Level 1.1 Invocations


You had 8 spell levels left.
You knew the following spells:

 Your Spells              Type           Power      Damage    Failure   Level
a - Magic Dart            Conj           100%       1d8       1%          1
b - Searing Ray           Conj           50%        2d6       2%          2
z - Iskenderun's Mystic   Conj/Tloc      20%        2d6       24%         4

Your spell library contained the following spells:

 Spells                   Type           Power      Damage    Failure   Level
 Lesser Beckoning         Tloc           30%        N/A       6%          2
 Gell's Gravitas          Tloc           15%        N/A       12%         3
 Teleport Other           Tloc           15%        N/A       12%         3
 Dazzling Flash           Conj/Hex       28%        N/A       13%         3
 Scorch                   Fire           6%         2d5       19%         2
 Call Canine Familiar     Summ           3%         N/A       36%         3
 Ozocubu's Armour         Ice            3%         N/A       36%         3
 Sigil of Binding         Hex            3%         N/A       36%         3
 Summon Guardian Golem    Hex/Summ       3%         N/A       36%         3
 Flame Wave               Conj/Fire      14%        2d6       41%         4
 Fulminant Prism          Conj/Hex       7%         3d7       41%         4
 Dimensional Bullseye     Hex/Tloc       4%         N/A       56%         4
 Leda's Liquefaction      Hex/Erth       1%         N/A       77%         4
 Summon Cactus Giant      Summ           1%         N/A       100%        6
 Orb of Destruction       Conj           12%        9d7       100%        7
 Ozocubu's Refrigeration  Ice            1%         4d7       100%        7
 Spellforged Servitor     Conj/Summ      7%         N/A       100%        7


Dungeon Overview and Level Annotations

Branches:
Dungeon (8/15)             Temple (1/1) D:7
   Lair: D:8-11

Altars:
Ashenzari
Cheibriados
Dithmenos
Elyvilon
Fedhas
Gozag
Hepliaklqana
Kikubaaqudgha
Makhleb
Nemelex Xobeh
Okawaru
Qazlal
Ru
Sif Muna
Trog
Uskayaw
Vehumet
Wu Jian
Xom
Zin
The Shining One

Shops:
D:3 *=:

Annotations:
D:8 Joseph


Innate Abilities, Weirdness & Mutations

You are too large for most types of armour.
You have claws for hands.
Your natural rate of healing is unusually fast.
You are covered in fur. (AC +1)
You have tough skin. (AC +1)


Message History

Cheibriados thoroughly appreciates the change of pace.
No target in view!
No target in view!
Found 3 stones.
No target in view!
Joseph, a Mercenary comes into view.
He is wielding a +0 quarterstaff, wearing a +1 ring mail of cold resistance and carrying a wand of acid.
Joseph is nearby!
Found a club.
Joseph is nearby!
Found a dagger.
Joseph unwields a +0 quarterstaff.
Joseph wields a +0 sling of electrocution.
You hear the crackle of electricity.
Joseph shoots a sling bullet.
The sling bullet barely misses you.
Joseph is nearby!
Joseph zaps a wand.
The bolt of acid hits you! The acid corrodes you!
Joseph zaps a wand.
The bolt of acid hits you!!
Joseph zaps a wand.
The bolt of acid hits you! The acid corrodes you!
You are too injured to fight recklessly!
You are too injured to fight recklessly!
You are too injured to fight recklessly!
You are too injured to fight recklessly!
You are too injured to fight recklessly!
You are too injured to fight recklessly!
You are too injured to fight recklessly!
You are too injured to fight recklessly!
Unknown command.
You scratch Joseph but do no damage.
Joseph unwields a +0 sling of electrocution.
It stops crackling.
Joseph wields a +0 quarterstaff.
Joseph hits you with a +0 quarterstaff!
You scratch Joseph but do no damage. Joseph barely misses you.
Unknown command.
You claw Joseph!
Joseph is lightly wounded.
Joseph hits you with a +0 quarterstaff!!
* * * LOW HITPOINT WARNING * * *
You mangle Joseph!!
Joseph is heavily wounded.
Joseph zaps a wand.
The bolt of acid hits you!!
You die...

...# ...+ ...# ...# .. ####
..# . ######.... ...
.........############.# #
...........)...@......#.#
................@.(..##.#
#†....#.....#.....#.....###
#.###.#.###.#.###.#.......
#.....#.....#.....#....#
...#.....#.....#.....########.
##.#.###.#)### #....#.........
...#..)..# #....#.########
#.....#.....#?....#...#
#.###.#.###.#....####.#


You could see Joseph.

Vanquished Creatures
  A wraith (D:8)
  3 wyverns
  A yak (D:8)
  Menkaure (D:7)
  A water moccasin (D:7)
  Duvessa (D:4)
  2 black bears (D:4)
  2 sky beasts
  2 ogres
  A phantom (D:5)
  A centaur (D:7)
  3 kobold brigands
  A scorpion (D:5)
  4 bullfrogs
  6 wights
  Dowan (D:4)
  An oklob sapling (D:7)
  A quasit (D:8)
  4 hounds
  A gnoll bouda (D:8)
  5 orc priests
  A jelly (D:8)
  An iguana (D:7)
  A sleepcap (D:6)
  7 orc wizards
  A statue (D:5)
  8 adders
  2 shadow imps (D:8)
  4 white imps
  11 ufetubi
  4 worms
  3 dart slugs
  20 orcs
  5 ball pythons
  13 endoplasms
  4 giant cockroaches
  13 goblins
  9 hobgoblins
  6 quokkas
  2 bats
  6 frilled lizards
  11 kobolds
  2 rats
177 creatures vanquished.

Vanquished Creatures (others)
  An orc wizard (D:5)
1 creature vanquished.

Grand Total: 178 creatures vanquished

Notes
Turn   | Place    | Note
-------+----------+-------------------------------------------
     0 | D:1      | Morbidden the Troll Conjurer began the quest for the Orb.
     0 | D:1      | Reached XP level 1. HP: 16/16 MP: 1/1
    31 | D:1      | Found a faded altar of an unknown god.
   192 | D:1      | Reached XP level 2. HP: 19/24 MP: 2/2
   323 | D:1      | Learned a level 2 spell: Searing Ray
   704 | D:2      | Reached XP level 3. HP: 31/31 MP: 0/3
  1333 | D:2      | Reached skill level 1 in Unarmed Combat
  1387 | D:3      | Reached XP level 4. HP: 26/40 MP: 5/5
  1514 | D:3      | Found Memasic's General Store.
  1528 | D:3      | Bought a potion of heal wounds for 70 gold pieces
  1643 | D:3      | Found Byelo's Book Emporium.
  1830 | D:3      | Found Haorijae's Jewellery Emporium.
  2151 | D:4      | Reached skill level 2 in Unarmed Combat
  2161 | D:4      | Found a white marble altar of Elyvilon.
  2161 | D:4      | Found a broken altar of Ashenzari.
  2220 | D:4      | Noticed a black bear
  2220 | D:4      | Noticed a black bear
  2235 | D:4      | Reached XP level 5. HP: 46/46 MP: 1/6
  2240 | D:4      | Killed a black bear
  2241 | D:4      | Reached skill level 1 in Fighting
  2270 | D:4      | Killed a black bear
  2271 | D:4      | Reached XP level 6. HP: 21/55 MP: 5/8
  2556 | D:4      | Found a shadowy altar of Dithmenos.
  2723 | D:4      | Found a bloodstained altar of Trog.
  2801 | D:4      | Noticed Duvessa
  2801 | D:4      | Noticed Dowan
  2818 | D:4      | Killed Duvessa
  2819 | D:4      | Reached skill level 3 in Unarmed Combat
  2825 | D:4      | Killed Dowan
  2826 | D:4      | Reached XP level 7. HP: 56/62 MP: 6/9
  2841 | D:4      | Learned a level 4 spell: Iskenderun's Mystic Blast
  2863 | D:5      | Entered Level 5 of the Dungeon
  3151 | D:5      | Reached skill level 4 in Unarmed Combat
  3151 | D:5      | Reached skill level 1 in Translocations
  3208 | D:5      | Found a radiant altar of Vehumet.
  3416 | D:6      | Found a sacrificial altar of Ru.
  3482 | D:6      | Reached XP level 8. HP: 22/72 MP: 11/11
  3625 | D:6      | Identified the ring "Nacokkod" {Fly Str+4 Dex+3}
  4173 | D:7      | Reached skill level 5 in Unarmed Combat
  4550 | D:7      | Reached skill level 6 in Unarmed Combat
  4612 | D:7      | Noticed Menkaure
  4619 | D:7      | Killed Menkaure
  4620 | D:7      | Reached XP level 9. HP: 31/80 MP: 9/13
  4794 | D:7      | Reached skill level 5 in Conjurations
  4797 | D:7      | Reached skill level 7 in Unarmed Combat
  5266 | D:7      | Found a staircase to the Ecumenical Temple.
  5276 | Temple   | Entered the Ecumenical Temple
  5299 | Temple   | Became a worshipper of Cheibriados the Contemplative
  5523 | D:8      | Reached * piety under Cheibriados
  5624 | D:8      | Reached skill level 8 in Unarmed Combat
  5624 | D:8      | Reached skill level 1 in Invocations
  5818 | D:8      | Noticed Joseph
  5827 | D:8      | Killed from afar by Joseph

Illustrated notes

Levels and vault maps discovered:
D:1:      eino_arrival_tree_alley, layout_basic,
          hellmonk_ecumenical_altar_arch_garden
D:2:      layout_basic
D:3:      layout_rooms, serial_shops, shop_statue, nicolae_shop_gaudy_bauble,
          shop
D:4:      minmay_general_purpose_star, layout_rooms,
          mainiacjoe_overflow_large_starburst, marbit_many_paths,
          minmay_ruined_shrine, uniq_duvessa
D:5:      layout_rooms, vehumet_statue
D:6:      layout_basic, mainiacjoe_overflow_alcove_1,
          nicolae_twisty_statue_hallways
D:7:      layout_rooms, minmay_temple_entry_oklob, dreamdust_wishing_well,
          grunt_ministairs_15, st_stairs_10, uniq_menkaure
D:8:      hangedman_cross_stitches, layout_basic, serial_demonic,
          serial_demonic_g, serial_demonic_d, serial_demonic_a,
          serial_demonic_a, dilly_guarded_unrand_devastator, uniq_joseph
Temple:   nicolae_temple_elliptical

Skill      XL: |  1  2  3  4  5  6  7  8  9 |
---------------+----------------------------+-----
Conjurations   | 3 4 5 |  5.1
Dodging        | 2 3 4 |  4.2
Unarmed Combat | 1 2 3 4 6 8 |  8.3
Fighting       | 1 2 4 |  4.0
Spellcasting   | 2 3 |  3.6
Translocations | 1 2 |  2.7
Invocations    | 1 |  1.1
Throwing       | |  0.4
Stealth        | |  1.2

Action                     |  1- 3 |  4- 6 |  7- 9 || total
---------------------------+-------+-------+-------++-------
  Melee: Unarmed           |    61 |    55 |   185 ||   301
         Punch             |       |     1 |     5 ||     6
  Throw: Boomerang         |     6 |     1 |     5 ||    12
   Cast: Magic Dart        |    73 |    80 |    66 ||   219
         Searing Ray       |       |     5 |    17 ||    22
    Use: Potion            |       |     1 |     7 ||     8
         Scroll            |       |       |     2 ||     2
   Stab: Sleeping          |       |     1 |       ||     1
 Armour: Robe              |    49 |    54 |   192 ||   295
         Skin              |       |       |     2 ||     2
  Dodge: Dodged            |    30 |    31 |   143 ||   204

Table legend: (Time is in decaauts)
 A = Elapsed time spent in this place.
 B = Non-inter-level travel time spent in this place.
 C = Inter-level travel time spent in this place.
 D = Time resting spent in this place.
 E = Time spent auto-exploring this place.
 F = Levels seen in this place.
 G = Mean time per level.
                   A        B        C        D        E       F      G
               +--------+--------+--------+--------+--------+-----+--------+
         Total |   5933 |   5767 |    166 |    604 |   4113 |   9 |  659.2 |
       Dungeon |   5878 |   5762 |    116 |    604 |   4113 |   8 |  734.8 |
        Temple |     55 |      6 |     49 |      0 |      0 |   1 |   55.0 |
               +--------+--------+--------+--------+--------+-----+--------+

Top non-repeatable levels by time:
     D:7: 1276 daAuts
     D:4: 834 daAuts
     D:2: 696 daAuts
     D:6: 681 daAuts
     D:1: 673 daAuts
     D:3: 655 daAuts
     D:8: 547 daAuts
     D:5: 511 daAuts
  Temple: 55 daAuts
